 Dungeon Crawl Stone Soup version 0.31.0-9-g3a7656b989 (webtiles) character file.

Game seed: 13806202230898710271

725 Noname the Ducker (level 8, -2/58 HPs)
             Began as a Djinni Ice Elementalist on Jan 24, 2024.
             Slain by Duvessa
             ... wielding a +0 short sword
              (18 damage)
             ... on level 4 of the Dungeon.
             The game lasted 00:09:58 (4538 turns).

Noname the Ducker (Djinni Ice Elementalist)         Turns: 4538, Time: 00:09:58

Health: -2/58      AC:  2    Str:  9    XL:     8   Next: 2%
Gold:   217        EV: 14    Int: 16    God:
                   SH:  0    Dex: 15

rFire   + + .        w - +1 flail (holy)
rCold   x . .        (no shield)
rNeg    . . .        a - +0 robe
rPois   ∞            (no helmet)
rElec   .            (no cloak)
rCorr   .            (no gloves)
SInv    .            (boots unavailable)
Will    .....        (no amulet)
Stlth   ++           (no ring)
HPRegen 0.29/turn    (no ring)
MPRegen 0.00/turn

%: infuse magic (-3 HP)
@: freezing walls, flying
A: sickness immunity, fire resistance 2, cold vulnerability 1, float, innate
caster, HP casting, extra vitality 1
a: no special abilities


You were on level 4 of the Dungeon.
You visited 2 branches of the dungeon, and saw 5 of its levels.

You collected 217 gold pieces.

Inventory:

Hand Weapons
 f - a +0 whip
 o - a +0 spear
 w - a +1 flail of holy wrath (weapon)
Missiles
 q - 8 poisoned darts
Armour
 a - a +0 robe (worn)
 n - a +0 scale mail
 s - a +0 ring mail
Jewellery
 C - the Hermit's Pendant {Faith Invo=14 Evo=0 MP+5}
   (You found it on level 4 of the Dungeon)

   [amulet of faith]

   Invo=14: It sets your Invocations skill to 14.
   Evo=0: It sets your Evocations skill to 0.
   Faith:     It allows you to gain divine favour quickly.
   MP+5:      It affects your magic capacity (+5).
Talismans
 e - a flux talisman
Wands
 u - a wand of flame (17)
Scrolls
 b - a scroll of immolation {unknown}
 c - a scroll of fear {unknown}
 d - 3 scrolls of amnesia {unknown}
 h - 2 scrolls of teleportation {unknown}
 j - a scroll of vulnerability {unknown}
 k - 2 scrolls of poison {unknown}
 m - a scroll of identify {unknown}
 p - a scroll of butterflies {unknown}
 r - a scroll of revelation {unknown}
 v - a scroll of blinking {unknown}
 x - a scroll of fog {unknown}
 y - a scroll of enchant weapon {unknown}
Potions
 g - 3 potions of curing {unknown}
 i - a potion of enlightenment {unknown}
 l - 3 potions of heal wounds {unknown}
 t - a potion of invisibility {unknown}
 z - a potion of attraction {unknown}
 A - 2 potions of lignification {unknown}
 B - a potion of mutation {unknown}


   Skills:
 + Level 4.5 Fighting
 + Level 5.5 Dodging
 - Level 1.5 Stealth
 + Level 5.1 Spellcasting
 + Level 5.1 Conjurations
 + Level 5.1 Hexes
 + Level 5.1 Summonings
 + Level 5.1 Necromancy
 + Level 5.1 Translocations
 + Level 5.1 Fire Magic
 + Level 5.1 Ice Magic
 + Level 5.1 Air Magic
 + Level 5.1 Earth Magic
 + Level 5.1 Alchemy


You knew the following spells:

 Your Spells              Type           Power      Damage    Failure   Level
a - Freeze                Ice            80%        1d9       1%          1
b - Frozen Ramparts       Ice            40%        1d7       5%          3
c - Summon Ice Beast      Ice/Summ       20%        N/A       5%          3
d - Foxfire               Conj/Fire      80%        2x1d8     1%          1
e - Static Discharge      Conj/Air       40%        3-5/arc   2%          2
f - Call Imp              Summ           40%        N/A       2%          2
O - Ozocubu's Armour      Ice            20%        N/A       5%          3
Your spell library was empty.

Dungeon Overview and Level Annotations

Branches:
Dungeon (4/15)             Temple (1/1) D:4

Altars:
Cheibriados
Dithmenos
Fedhas
Gozag
Hepliaklqana
Nemelex Xobeh
Okawaru
Qazlal
Ru
Uskayaw

Annotations:
D:3 Grinder
D:4 Duvessa


Innate Abilities, Weirdness & Mutations

You are immune to sickness and miasma.
You are immune to poison.
Your flesh is very heat resistant. (rF++)
You are vulnerable to cold. (rC-)
You float through the air rather than walking.
You learn spells naturally, not from books.
Your magical power is your life essence.
You have superior vitality. (+4 MHP)


Message History

Aim: Duvessa, wielding a +0 short sword and wearing a +0 chain mail (heavily wounded, ally target)
You freeze Duvessa.
Duvessa is heavily wounded.
The wall freezes Duvessa but does no damage.
Duvessa hits you with a +0 short sword!
The wall freezes Dowan but does no damage.
Dowan hits your ice beast but does no damage.
Your cerulean imp hits Duvessa but does no damage.
Your ice beast hits Dowan.
Your ice beast freezes Dowan!
You take 9 damage, and have 21/53 hp.
Casting: Freeze (safe; 1% risk of failure)
Confirm with . or Enter, or press ? or * to list all spells.
Aiming: Freeze (safe; 1% risk of failure)
Press: ? - help, Shift-Dir - straight line, f/p - Duvessa
Aim: Duvessa, wielding a +0 short sword and wearing a +0 chain mail (heavily wounded, not watching you, ally target)
You freeze Duvessa!
Duvessa is severely wounded.
The wall freezes Duvessa but does no damage.
Duvessa hits you with a +0 short sword.
* * * LOW HITPOINT WARNING * * *
The wall freezes Dowan.
Dowan closely misses your ice beast.
Your cerulean imp barely misses Duvessa.
Your ice beast hits Dowan.
Your ice beast freezes Dowan.
Dowan dies!
Duvessa weeps, and shakes her weapon.
Duvessa goes berserk!
You have reached level 8!
You feel agile.
You take 4 damage, and have 17/58 hp.
Casting: Freeze (safe; 1% risk of failure)
Confirm with . or Enter, or press ? or * to list all spells.
Aiming: Freeze (safe; 1% risk of failure)
Press: ? - help, Shift-Dir - straight line, f/p - Duvessa
Aim: Duvessa, wielding a +0 short sword and wearing a +0 chain mail (severely wounded, berserk, ally target)
You freeze Duvessa.
Duvessa is severely wounded.
* * * LOW HITPOINT WARNING * * *
The wall freezes Duvessa.
Duvessa hits you with a +0 short sword!!
You die...

####.# #####.....#
##### .....#
##.........#
########..####....#
###
.#####............#
#.#
.e..##>...........#
#.#
###'##......e.....#
#.#
#......#+#####.)Y5#
#.# #......#.#
#.#e## #.#
#......#.# #.#@#
#.# #........#
#.### #.#
#.......## #.# #.#
#.......# #.# #.#
.......># #.# #.#
######### #.# #†#
#......#######.###
#.#
#.####...........#
#.#
#..............#.#
#.#


You could see Duvessa (berserk, ally target), a friendly ice beast (summoned)
and a friendly cerulean imp (summoned).

Vanquished Creatures
  An orc warrior (D:4)
  An ogre (D:4)
  An orc priest (D:3)
  An iguana (D:4)
  A sleepcap (D:4)
  Terence (D:2)
  Natasha (thrice) (D:3)
  An orc wizard (D:3)
  5 adders
  2 dart slugs
  3 orcs
  7 endoplasms
  A giant cockroach (D:1)
  7 hobgoblins
  4 jackals (D:4)
  6 kobolds
  A quokka (D:1)
  5 ball pythons
  5 bats
  2 frilled lizards
  6 goblins
  3 rats
67 creatures vanquished.

Vanquished Creatures (collateral kills)
  Sigmund (D:4)
  Dowan (D:4)
  An adder (D:3)
  2 orcs (D:3)
5 creatures vanquished.

Vanquished Creatures (others)
  86 foxfires
86 creatures vanquished.

Grand Total: 158 creatures vanquished

Notes
Turn   | Place    | Note
-------+----------+-------------------------------------------
     0 | D:1      | Noname the Djinni Ice Elementalist began the quest for the
                  | Orb.
     0 | D:1      | Noname set off with the following spells memorised: Freeze,
                  | Frozen Ramparts, Ozocubu's Armour, Summon Ice Beast.
     0 | D:1      | Reached XP level 1. HP: 15/15 MP: 0/0
   184 | D:1      | Reached XP level 2. HP: 19/22 MP: 0/0
   294 | D:1      | Reached skill level 1 in Fighting
   358 | D:1      | Reached XP level 3. HP: 16/27 MP: 0/0
   358 | D:1      | Learned a level 1 spell: Foxfire
  1132 | D:2      | Noticed Terence
  1139 | D:2      | Killed Terence
  1140 | D:2      | Reached XP level 4. HP: 29/33 MP: 0/0
  1244 | D:2      | Found a faded altar of an unknown god.
  2078 | D:3      | Reached XP level 5. HP: 15/38 MP: 0/0
  2078 | D:3      | Learned a level 2 spell: Static Discharge
  2428 | D:3      | Noticed Natasha
  2433 | D:3      | Killed Natasha
  2597 | D:3      | Noticed Natasha
  2604 | D:3      | Killed Natasha
  2605 | D:3      | Reached XP level 6. HP: 38/45 MP: 0/0
  2630 | D:3      | Noticed Natasha
  2645 | D:3      | Killed Natasha
  2720 | D:3      | Noticed Grinder
  3195 | D:4      | Found a staircase to the Ecumenical Temple.
  3210 | Temple   | Entered the Ecumenical Temple
  3438 | D:4      | Noticed an ogre
  3447 | D:4      | Killed an ogre
  3448 | D:4      | Reached XP level 7. HP: 42/51 MP: 0/0
  3448 | D:4      | Learned a level 2 spell: Call Imp
  3533 | D:4      | Found a faded altar of an unknown god.
  3533 | D:4      | Found the Hermit's Pendant {Faith Invo=14 Evo=0 MP+5}
  3547 | D:4      | Reached skill level 5 in Dodging
  3883 | D:4      | Noticed Duvessa
  3883 | D:4      | Noticed Dowan
  4300 | D:4      | Noticed Sigmund
  4322 | D:4      | Killed Sigmund
  4323 | D:4      | Reached skill level 5 in Spellcasting
  4323 | D:4      | Reached skill level 5 in Conjurations
  4323 | D:4      | Reached skill level 5 in Hexes
  4323 | D:4      | Reached skill level 5 in Summonings
  4323 | D:4      | Reached skill level 5 in Necromancy
  4323 | D:4      | Reached skill level 5 in Translocations
  4323 | D:4      | Reached skill level 5 in Fire Magic
  4323 | D:4      | Reached skill level 5 in Ice Magic
  4323 | D:4      | Reached skill level 5 in Air Magic
  4323 | D:4      | Reached skill level 5 in Earth Magic
  4323 | D:4      | Reached skill level 5 in Alchemy
  4537 | D:4      | Killed Dowan
  4538 | D:4      | Reached XP level 8. HP: 17/58 MP: 0/0
  4538 | D:4      | Slain by Duvessa

Illustrated notes

Levels and vault maps discovered:
D:1:      ldierk_walled_garden_2, layout_loops_corners, minmay_nonomino_d4
D:2:      layout_basic, dreamdust_ecumenical_altar_angels_and_demons,
          uniq_terence
D:3:      layout_rooms, general_overflow_altar, kennysheep_path_1, uniq_grinder,
          uniq_natasha
D:4:      layout_basic, minmay_temple_entry_tees, chequers_serial_rivers_room_b,
          hellmonk_guarded_unrand_hermit, uniq_sigmund, uniq_duvessa
Temple:   minmay_temple_curvy_loop

Skill      XL: |  1  2  3  4  5  6  7 |
---------------+----------------------+-----
Fighting       | 1 2 3 4 |  4.5
Dodging        | 3 4 5 |  5.5
Spellcasting   | 4 5 |  5.1
Conjurations   | 4 5 |  5.1
Hexes          | 4 5 |  5.1
Summonings     | 4 5 |  5.1
Necromancy     | 4 5 |  5.1
Translocations | 4 5 |  5.1
Fire Magic     | 4 5 |  5.1
Ice Magic      | 4 5 |  5.1
Air Magic      | 4 5 |  5.1
Earth Magic    | 4 5 |  5.1
Alchemy        | 4 5 |  5.1
Stealth        | |  1.5

Action                     |  1- 3 |  4- 6 |  7- 9 || total
---------------------------+-------+-------+-------++-------
  Melee: Spear             |       |     8 |       ||     8
         Flail             |       |     3 |     2 ||     5
   Cast: Freeze            |    31 |    27 |     8 ||    66
         Foxfire           |    14 |    37 |     2 ||    53
         Frozen Ramparts   |       |    14 |     4 ||    18
         Summon Ice Beast  |       |     7 |     6 ||    13
         Call Imp          |       |       |     2 ||     2
         Ozocubu's Armour  |       |       |     1 ||     1
         Static Discharge  |       |       |     1 ||     1
   Stab: Sleeping          |       |     2 |     1 ||     3
 Armour: Robe              |     8 |    16 |    18 ||    42
  Dodge: Dodged            |    11 |    17 |     4 ||    32
